 Dungeon Crawl Stone Soup version 0.24.0-37-gcf1ca852f1 (webtiles) character file.

Game seed: 13916235230657837145, levelgen mode: deterministic

9920 Curus the Severer (level 11, 0/99 HPs)
             Began as a Minotaur Monk on Nov 26, 2019.
             Was a Priest of Makhleb.
             Slain by a five-headed hydra (19 damage)
             ... on level 9 of the Dungeon.
             The game lasted 00:47:25 (8060 turns).

Curus the Severer (Minotaur Monk)                   Turns: 8060, Time: 00:47:25

Health: 0/99       AC: 21    Str: 17    XL:     11   Next: 29%
Magic:  10/10      EV:  7    Int:  7    God:    Makhleb [***...]
Gold:   452        SH:  0    Dex: 15    Spells: 10/10 levels left

rFire    . . .     SeeInvis .   t - +0 broad axe
rCold    . . .     Gourm    +   (no shield)
rNeg     . . .     Faith    .   B - +0 plate armour
rPois    +         Spirit   .   (helmet restricted)
rElec    .         Reflect  .   m - +2 cloak {rPois}
rCorr    .         Harm     .   v - +0 pair of gloves
MR       +....                  (no boots)
Stlth    ..........             o - amulet of the gourmand
HPRegen  0.26/turn              i - +2 ring of protection
MPRegen  0.12/turn              z - ring of protection from magic

@: sleeping
A: retaliatory headbutt, horns 2
a: Minor Destruction, Lesser Servant of Makhleb, Renounce Religion


You were on level 9 of the Dungeon.
You worshipped Makhleb.
Makhleb was most pleased with you.
You were not hungry.

You visited 2 branches of the dungeon, and saw 10 of its levels.

You collected 452 gold pieces.

Inventory:

Hand Weapons
 a - a +1 hand axe
 p - a +0 war axe
 t - a +0 broad axe (weapon)
Armour
 b - a +0 robe
 d - a +1 chain mail
 f - a +0 ring mail
 k - a +0 cloak
 m - a +2 cloak of poison resistance (worn)
 v - a +0 pair of gloves (worn)
 B - a +0 plate armour (worn)
Jewellery
 i - a +2 ring of protection (left hand)
 o - an amulet of the gourmand (around neck)
 q - an uncursed amulet of magic regeneration
 r - an uncursed ring of teleportation
 z - a ring of protection from magic (right hand)
Wands
 l - a wand of random effects (19)
 y - a wand of paralysis (6)
 A - a wand of iceblast (10)
 C - a wand of flame (24)
Scrolls
 j - 8 scrolls of identify
 n - 3 scrolls of teleportation
 s - a scroll of magic mapping
 u - 2 scrolls of amnesia
 w - 2 scrolls of remove curse
 x - a scroll of fear
Potions
 e - 4 potions of curing
 g - 3 potions of brilliance
 h - 3 potions of haste
Comestibles
 c - 13 rations


   Skills:
 + Level 10.0 Fighting
 - Level 16.0 Axes
 + Level 9.3 Armour
 - Level 3.2 Dodging
 - Level 1.5 Stealth


You had 10 spell levels left.
You didn't know any spells.
Your spell library contained the following spells:

 Spells                   Type           Power        Failure   Level  Hunger
 Poisonous Vapours        Pois/Air       #.....       100%        2    ###....
 Conjure Flame            Conj/Fire      #.......     100%        3    ####...
 Mephitic Cloud           Conj/Pois/Air  #.......     100%        3    ####...
 Freezing Cloud           Conj/Ice/Air   #.........   100%        6    #######
 Ring of Flames           Chrm/Fire      #.........   100%        7    #######


Dungeon Overview and Level Annotations

Branches:
Dungeon (9/15)             Temple (1/1) D:7
   Lair: D:8-11         Orc: D:9-12

Altars:
Ashenzari
Cheibriados
Dithmenos
Elyvilon
Fedhas
Gozag
Hepliaklqana
Kikubaaqudgha
Makhleb
Nemelex Xobeh
Qazlal
Ru
Sif Muna
Uskayaw
Vehumet
Xom
Yredelemnul
Zin
The Shining One


Innate Abilities, Weirdness & Mutations

You reflexively headbutt those who attack you in melee.
You have a pair of horns on your head.


Message History

The hound barely misses you. The hound bites you but does no damage.
The five-headed hydra bites you!
You wake up.
* * * LOW HITPOINT WARNING * * *
The five-headed hydra bites you!
* * * LOW HITPOINT WARNING * * *
The five-headed hydra bites you but does no damage.
The five-headed hydra barely misses you.
The five-headed hydra bites you but does no damage.
The hound barely misses you.
The big kobold throws a stone.
The stone hits you.
* * * LOW HITPOINT WARNING * * *
The hound bites you but does no damage.
You see here a stone.
The hound bites you but does no damage.
The dream sheep ruffle their wool and motes of dream dust sparkle, to no effect.
Found 8 silver boomerangs.
The dream sheep shake their wool and sparkle.
You feel drowsy...
You fall asleep.
The five-headed hydra bites you!!
You die...

#..........#
#........#.
#..........#
#...###....
#..........#
#....#.....
####.K.....#
#.#..#..#..
###..(...[###.#######..
#....YhY....#.#..#..#..
#.#...Y...#.#†...#.....
#.#...D##.#.#...###..#.
# ####@##............##
#.####.......)..#. #.#
#.#...##.[... #..
...########... #.###..
#... ... .. ###. .(. ##
#.### ## # >.. #.


You could see a five-headed hydra, a yak, a big kobold, 2 dream sheep and a
hound.

Vanquished Creatures
  Harold (D:7)
  2 two-headed ogres (D:9)
  Erica (D:7)
  Pikel (D:6)
  2 trolls (D:9)
  Prince Ribbit (D:6)
  Sigmund (D:3)
  A yak (D:9)
  A hungry ghost (D:6)
  Menkaure (D:6)
  Edmund (D:6)
  Duvessa (D:5)
  2 ice beasts (D:9)
  An orc warrior (D:8)
  2 sky beasts
  A black bear (D:8)
  2 phantoms
  11 ogres
  2 centaurs
  2 crocodiles
  2 big kobolds
  Blork the orc (D:4)
  2 bullfrogs
  A wyvern zombie (D:9)
  A gnoll sergeant (D:8)
  Dowan (D:5)
  A water moccasin skeleton (D:4)
  5 scorpions
  6 killer bees (D:8)
  10 howler monkeys
  3 crimson imps (D:5)
  2 jellies (D:7)
  A quasit (D:9)
  7 hounds
  7 orc priests
  Crazy Yiuf (D:3)
  3 bullfrog skeletons
  Terence (D:3)
  7 iguanas
  9 orc wizards
  12 worker ants
  A killer bee zombie (D:6)
  2 hound zombies
  A worker ant zombie (D:9)
  4 gnolls (D:8)
  10 adders
  A shadow imp (D:6)
  An adder zombie (D:9)
  2 adder skeletons (D:5)
  4 worms
  A dart slug (D:1)
  4 leopard geckos
  21 orcs
  5 bats
  4 giant cockroaches
  3 goblins
  4 hobgoblins
  13 jackals
  2 quokkas
  4 ball pythons
  7 frilled lizards
  12 kobolds
  A leopard gecko zombie (D:8)
  A quokka skeleton (D:9)
  A quokka zombie (D:5)
  7 rats
  A fungus (D:3)
237 creatures vanquished.

Vanquished Creatures (collateral kills)
  A two-headed ogre (D:8)
1 creature vanquished.

Vanquished Creatures (others)
  A hound (D:6)
  An orc (D:6)
  A plant (D:9)
3 creatures vanquished.

Grand Total: 241 creatures vanquished

Notes
Turn   | Place    | Note
-------+----------+-------------------------------------------
     0 | D:1      | Curus the Minotaur Monk began the quest for the Orb.
     0 | D:1      | Reached XP level 1. HP: 19/19 MP: 0/0
   101 | D:1      | Reached skill level 4 in Axes
   181 | D:1      | Reached XP level 2. HP: 26/26 MP: 1/1
   591 | D:2      | Reached skill level 5 in Axes
   616 | D:2      | Reached XP level 3. HP: 24/31 MP: 2/2
  1618 | D:2      | Reached XP level 4. HP: 39/39 MP: 3/3
  1746 | D:3      | Noticed Terence
  1779 | D:3      | Killed Terence
  1779 | D:3      | Reached skill level 6 in Axes
  1953 | D:3      | Noticed Sigmund
  1974 | D:3      | Killed Sigmund
  1974 | D:3      | Reached skill level 8 in Axes
  1974 | D:3      | Reached XP level 5. HP: 39/45 MP: 4/4
  1989 | D:3      | Reached XP level 6. HP: 47/51 MP: 5/5
  2425 | D:3      | Found a runed translucent door.
  2426 | D:3      | Noticed Crazy Yiuf
  2434 | D:3      | Killed Crazy Yiuf
  2707 | D:4      | Found a sparkling altar of Nemelex Xobeh.
  2708 | D:4      | Found a radiant altar of Vehumet.
  2708 | D:4      | Found a shattered altar of Ashenzari.
  2715 | D:4      | Reached skill level 9 in Axes
  2820 | D:4      | Reached XP level 7. HP: 22/57 MP: 6/6
  2961 | D:4      | Reached skill level 10 in Axes
  3219 | D:4      | Identified the cursed +1 trident "Qoxzur" {pierce, rN++
                  | Dex+3}
  3541 | D:4      | Noticed Blork the orc
  3545 | D:4      | Killed Blork the orc
  3546 | D:4      | Reached skill level 11 in Axes
  3659 | D:5      | Entered Level 5 of the Dungeon
  3781 | D:5      | Reached XP level 8. HP: 60/64 MP: 7/7
  3868 | D:5      | Found a shadowy altar of Dithmenos.
  3878 | D:5      | Noticed Duvessa
  3880 | D:5      | Noticed Dowan
  3905 | D:5      | Killed Duvessa
  3905 | D:5      | Reached skill level 12 in Axes
  3919 | D:5      | Killed Dowan
  4157 | D:5      | Found a hide-covered altar of Uskayaw.
  4453 | D:6      | Noticed Pikel
  4470 | D:6      | Killed Pikel
  4470 | D:6      | Reached skill level 13 in Axes
  4475 | D:6      | Reached XP level 9. HP: 58/70 MP: 8/8
  4508 | D:6      | Noticed Edmund
  4516 | D:6      | Killed Edmund
  4516 | D:6      | Reached skill level 14 in Axes
  4565 | D:6      | Noticed Menkaure
  4569 | D:6      | Killed Menkaure
  4726 | D:6      | Noticed Prince Ribbit
  4755 | D:6      | Killed Prince Ribbit
  4755 | D:6      | Reached skill level 15 in Axes
  4979 | D:6      | Found a white marble altar of Elyvilon.
  5433 | D:7      | Found a staircase to the Ecumenical Temple.
  5444 | Temple   | Entered the Ecumenical Temple
  5461 | Temple   | Became a worshipper of Makhleb the Destroyer
  5461 | Temple   | Reached * piety under Makhleb
  5461 | Temple   | Reached ** piety under Makhleb
  5722 | D:7      | Reached skill level 16 in Axes
  5861 | D:7      | Noticed Harold
  5886 | D:7      | Killed Harold
  5886 | D:7      | Reached skill level 5 in Fighting
  5886 | D:7      | Reached XP level 10. HP: 15/81 MP: 9/9
  6205 | D:7      | Found a shimmering blue altar of Sif Muna.
  6670 | D:8      | Found a sacrificial altar of Ru.
  6810 | D:8      | Noticed Erica
  6829 | D:7      | Killed Erica
  6829 | D:7      | Reached skill level 5 in Armour
  6899 | D:8      | Reached *** piety under Makhleb
  6907 | D:8      | Noticed a two-headed ogre
  7294 | D:8      | Killed a two-headed ogre
  7725 | D:9      | Reached XP level 11. HP: 92/95 MP: 10/10
  7798 | D:9      | Noticed a two-headed ogre
  7812 | D:9      | Killed a two-headed ogre
  7900 | D:9      | Noticed a two-headed ogre
  7908 | D:9      | Killed a two-headed ogre
  7994 | D:9      | Reached **** piety under Makhleb
  8013 | D:9      | Noticed a three-headed hydra
  8023 | D:9      | Reached skill level 10 in Fighting
  8060 | D:9      | Slain by a five-headed hydra

Levels and vault maps discovered:
D:1:      denvon_arrival_planthouse, layout_rooms
D:2:      layout_basic, hangedman_decor_lopped
D:3:      layout_basic, nicolae_overflow_hidden_temple, nrook_campfire,
          minmay_cut_off, uniq_sigmund, uniq_terence, uniq_crazy_yiuf_cottage
D:4:      layout_gridville, gammafunk_temple_overflow_forgotten, first_ration,
          uniq_blork_the_orc
D:5:      layout_basic, kennysheep_little_box, lemuel_crystal_altar,
          uniq_duvessa
D:6:      layout_loops_ring, kennysheep_mini_moat, uniq_pikel,
          uniq_prince_ribbit1, uniq_edmund, uniq_menkaure
D:7:      layout_basic, lemuel_blue_sif_altar, minmay_temple_entry_proselytizer,
          uniq_harold
D:8:      layout_basic, lemuel_crystal_altar, uniq_erica
D:9:      hangedman_cross_cluster, layout_loops_ring, hangedman_ranch
          [blue_anna_fruit_fields]
Temple:   cyrus_circular_temple

Skill      XL: |  1  2  3  4  5  6  7  8  9 10 11 |
---------------+----------------------------------+-----
Axes           | 4 5 8 9 11 13 16 | 16.0
Fighting       | 5 8 10 | 10.0
Armour         | 3 8 9 |  9.3
Dodging        | |  3.2
Stealth        | |  1.5

Action                   |  1- 3 |  4- 6 |  7- 9 | 10-12 || total
-------------------------+-------+-------+-------+-------++-------
Melee: Hand axe          |    86 |   112 |    73 |       ||   271
       Headbutt          |    10 |    24 |    85 |    58 ||   177
       War axe           |       |       |   273 |    25 ||   298
       Unarmed           |       |       |    22 |       ||    22
       Broad axe         |       |       |       |   304 ||   304
Invok: Lesser Servant of |       |       |       |     2 ||     2
       Minor Destruction |       |       |       |     1 ||     1
Evoke: Wand              |       |       |     2 |       ||     2
  Use: Scroll            |     4 |       |     7 |     1 ||    12
       Potion            |     2 |     1 |     3 |     1 ||     7
  Eat: Chunk             |     2 |     4 |    16 |     6 ||    28
       Ration            |       |       |     1 |       ||     1
Armor: Chain mail        |    38 |    34 |   134 |   144 ||   350
       Ring mail         |     1 |       |       |       ||     1
       Skin              |       |       |     7 |       ||     7
       Plate armour      |       |       |       |    58 ||    58
Dodge: Dodged            |    31 |    23 |   114 |   142 ||   310
